 Dungeon Crawl Stone Soup version 0.17-a0-848-g7e5c6af (webtiles) character file.

88 kroki the Magician (level 4, -1/21 HPs)
             Began as a Vine Stalker Conjurer on Apr 27, 2015.
             Succumbed to a worker ant's poison
             ... on level 4 of the Dungeon.
             The game lasted 00:04:07 (2281 turns).

kroki the Magician (Vine Stalker Conjurer)          Turns: 2281, Time: 00:04:07

Health: -1/21      AC:  4    Str: 12    XL:     4   Next: 53%
Magic:  1/11       EV: 12    Int: 15    God:
Gold:   147        SH:  0    Dex: 14    Spells: 2 memorised, 9 levels left

rFire  . . .     SeeInvis .     f - +1 short sword
rCold  . . .     Clarity  .     a - +1 robe
rNeg   . . .     SustAb   .     (no shield)
rPois  .         Gourm    .     (no helmet)
rElec  .         Spirit   +     (no cloak)
rCorr  .         Warding  .     (no gloves)
rMut   .         Stasis   .     (no boots)
MR     .....                    (no amulet)
Stlth  ++........               (no ring)
                                (no ring)

@: lethally poisoned (-1 -> -13), flying, very slightly contaminated, not
resistant to hostile enchantments, unstealthy
A: fangs 2, regeneration 1, shaggy fur 1, magic shield, antimagic bite, no
device heal 3, rot immunity
a: no special abilities


You were on level 4 of the Dungeon.
You were not hungry.

You visited 1 branch of the dungeon, and saw 4 of its levels.

You collected 147 gold pieces.

Inventory:

Hand weapons
 f - a +1 short sword (weapon)
   (You took it off a kobold on level 1 of the Dungeon)
 g - a +0 dagger
   (You took it off a kobold on level 1 of the Dungeon)
Armour
 a - a +1 robe (worn)
 e - a +0 scale mail
   (You found it on level 1 of the Dungeon)
 j - a +0 chain mail
   (You found it on level 1 of the Dungeon)
Scrolls
 h - a scroll of enchant weapon
 l - a scroll of fog
Potions
 d - a potion of might
 i - a potion of brilliance
 k - a potion of haste
 t - a potion of cure mutation {unknown}
Books
 b - a book of Conjurations

   Spells                             Type                      Level
   a - Magic Dart                     Conjuration                  1
   b - Searing Ray                    Conjuration                  2
   c - Dazzling Spray                 Conjuration/Hexes            3
   d - Fulminant Prism                Conjuration/Hexes            4
   e - Iskenderun's Mystic Blast      Conjuration                  4
   f - Iskenderun's Battlesphere      Conjuration/Charms           5
 r - a book of Debilitation
   (You found it on level 3 of the Dungeon)

   Spells                             Type                      Level
   a - Corona                         Hexes                        1
   b - Slow                           Hexes                        2
   c - Gell's Gravitas                Hexes/Translocation          3
   d - Inner Flame                    Hexes/Fire                   3
   e - Cause Fear                     Hexes                        4
   f - Leda's Liquefaction            Hexes/Earth                  4
Comestibles
 c - 3 bread rations
 o - a meat ration
 u - a beef jerky


   Skills:
 - Level 1.5 Dodging
 - Level 2.4 Stealth
 + Level 4.7 Spellcasting
 - Level 4.0 Conjurations


You had 9 spell levels left.
You knew the following spells:

 Your Spells              Type           Power        Failure   Level  Hunger
a - Magic Dart            Conj           ###.         3%          1    None
b - Searing Ray           Conj           ###...       6%          2    ##.....


Dungeon Overview and Level Annotations

Branches:
Dungeon (4/15)
 Temple: D:4-7

Altars:
Okawaru


Innate Abilities, Weirdness & Mutations

You have extremely sharp teeth.
Your natural rate of healing is unusually fast.
You are covered in fur (AC +1).
When hurt, damage is shared between your health and your magic reserves.
Your bite disrupts and absorbs the magic of your enemies.
Potions and wands cannot restore your health.
You are immune to rotting.


Message History

Aiming: Magic Dart
Press: ? - help, Shift-Dir - straight line, f/p - worker ant
Aim: a worker ant The magic dart hits the worker ant.
The worker ant is lightly wounded.
Casting: Magic Dart
Confirm with . or Enter, or press ? or * to list all spells.
Aiming: Magic Dart
Press: ? - help, Shift-Dir - straight line, f/p - worker ant
Aim: a worker ant (lightly wounded)
The magic dart hits the worker ant.
The worker ant is moderately wounded.
Casting: Magic Dart
Confirm with . or Enter, or press ? or * to list all spells.
Aiming: Magic Dart
Press: ? - help, Shift-Dir - straight line, f/p - worker ant
Aim: a worker ant (moderately wounded)
The magic dart hits the worker ant.
The worker ant is moderately wounded.
Casting: Magic Dart
Confirm with . or Enter, or press ? or * to list all spells.
You don't have enough magic to cast that spell.
The worker ant barely misses you.
Found 17 stones.
You hit the worker ant but do no damage.
Your bite misses the worker ant.
The worker ant is moderately wounded.
The worker ant barely misses you.
You barely miss the worker ant. Your bite misses the worker ant.
The worker ant is moderately wounded.
The worker ant bites you.
You are poisoned.
The worker ant poisons you! The worker ant misses you.
You barely miss the worker ant.
You bite the worker ant, but do no damage.
The worker ant is moderately wounded.
You feel sick. The worker ant bites you.
You barely miss the worker ant.
You bite the worker ant, but do no damage.
The worker ant is moderately wounded.
The worker ant bites you.
You are lethally poisoned!
The worker ant poisons you!
You hit the worker ant.
The worker ant is heavily wounded.
* * * LOW HITPOINT WARNING * * *
You feel sick. The worker ant misses you. The worker ant bites you.
* * * LOW HITPOINT WARNING * * *
You are more poisoned.
The worker ant poisons you!
Drink which item? (? for menu, Esc to quit)
It was a potion of flight.
You feel very buoyant.
You fly up into the air.
* * * LOW HITPOINT WARNING * * *
You feel sick. The worker ant barely misses you.
Unknown command.
Drink which item? (? for menu, Esc to quit)
You don't have any such object.
Drink which item? (? for menu, Esc to quit)
Okay, then.
Drink which item? (? for menu, Esc to quit)
It was a potion of heal wounds.
That seemed strangely inert.
You die...

... #.......
#........
#........(
..........
##.........
#......(...
#...........
#%.@........
#..a......(.
#..[.............
#.######........#
#......?..
..####### )..
.... .....


You could see a worker ant.

Vanquished Creatures
  3 adders
  An ooze (D:2)
  2 giant geckos
  4 orcs (D:3)
  2 ball pythons (D:1)
  6 bats
  3 giant cockroaches
  3 hobgoblins
  4 jackals (D:2)
  7 kobolds
  2 quokkas
  A giant newt (D:1)
  6 goblins
  5 rats
49 creatures vanquished.

Notes
Turn   | Place    | Note
--------------------------------------------------------------
     0 | D:1      | kroki, the Vine Stalker Conjurer, began the quest for the Orb.
     0 | D:1      | Reached XP level 1. HP: 9/9 MP: 4/4
   145 | D:1      | Reached XP level 2. HP: 13/13 MP: 0/6
   234 | D:1      | Reached skill level 3 in Spellcasting
   320 | D:1      | Learned a level 2 spell: Searing Ray
   876 | D:2      | Reached XP level 3. HP: 16/16 MP: 0/9
  1143 | D:2      | Found an iron altar of Okawaru.
  1732 | D:3      | Reached skill level 4 in Spellcasting
  1783 | D:3      | Reached XP level 4. HP: 7/21 MP: 1/11
  2280 | D:4      | HP: 1/21 [poisoned by a worker ant]
  2281 | D:4      | Succumbed to a worker ant's poison

Action                   |  1- 3 |  4- 6 || total
-------------------------+-------+-------++-------
Melee: Short sword       |    31 |     6 ||    37
 Cast: Magic Dart        |    77 |    33 ||   110
       Searing Ray       |     1 |       ||     1
  Use: Scroll            |     7 |     3 ||    10
       Potion            |       |     2 ||     2
  Eat: Chunk             |     2 |     2 ||     4
